 Dungeon Crawl Stone Soup version 0.22-a0-456-g11ed031 (webtiles) character file.

92 pk666 the Firebug (level 4, 0/24 HPs)
             Began as a Deep Elf Fire Elementalist on June 7, 2018.
             Slain by Soeti's ghost (7 damage)
             ... on level 3 of the Dungeon.
             The game lasted 00:05:24 (2887 turns).

pk666 the Firebug (Deep Elf Fire Elementalist)      Turns: 2887, Time: 00:05:24

Health: 0/24       AC:  2    Str:  5    XL:     4   Next: 35%
Magic:  10/12      EV: 13    Int: 21    God:
Gold:   123        SH:  0    Dex: 15    Spells: 3/11 levels left

rFire    . . .     SeeInvis .   (no weapon)
rCold    . . .     Gourm    .   (no shield)
rNeg     . . .     Faith    .   a - +0 robe
rPois    .         Spirit   .   (no helmet)
rElec    .         Reflect  .   (no cloak)
rCorr    .         Harm     .   (no gloves)
MR       .....                  (no boots)
Stlth    ++........             (no amulet)
HPRegen  0.08/turn              (no ring)
MPRegen  0.13/turn              (no ring)

@: no status effects
A: no striking features
a: no special abilities


You were on level 3 of the Dungeon.
You were not hungry.

You visited 1 branch of the dungeon, and saw 3 of its levels.

You collected 123 gold pieces.

Inventory:

Armour
 a - a +0 robe (worn)
Jewellery
 f - an uncursed ring of protection from fire {unknown}
 g - a +3 ring of protection {unknown}
Scrolls
 h - 3 scrolls of identify {unknown}
 i - a scroll of immolation {unknown}
 l - 3 scrolls of remove curse {unknown}
 m - a scroll of blinking {unknown}
 n - a scroll of random uselessness {unknown}
 o - a scroll of teleportation {unknown}
Potions
 b - 2 potions of flight {unknown}
 d - 2 potions of curing {unknown}
 e - 2 potions of heal wounds {unknown}
 j - a potion of brilliance {unknown}
Comestibles
 c - 5 rations
 k - a chunk of flesh


   Skills:
 - Level 2.4 Dodging
 - Level 2.4 Stealth
 + Level 4.0 Spellcasting
 * Level 3.3 Conjurations
 + Level 4.0 Fire Magic


You had 3 spell levels left.
You knew the following spells:

 Your Spells              Type           Power        Failure   Level  Hunger
a - Flame Tongue          Conj/Fire      ###..        2%          1    None
b - Sticky Flame          Conj/Fire      ###.....     26%         4    ####...
c - Conjure Flame         Conj/Fire      ###.....     8%          3    ###....

Your spell library contained the following spells:

 Spells                   Type           Power        Failure   Level  Hunger
 Fireball                 Conj/Fire      ###.......   58%         5    ######.
 Throw Flame              Conj/Fire      ###...       4%          2    #......
 Inner Flame              Hex/Fire       ##......     16%         3    ###....


Dungeon Overview and Level Annotations

Branches:
Dungeon (3/15)

Altars:
Nemelex Xobeh
Okawaru
Sif Muna
Trog
Uskayaw

Annotations:
D:3 Soeti's ghost, amateur DsMo


Message History

There is a stone staircase leading up here.
Casting: Sticky Flame (quite dangerous; 26% risk of failure)
Confirm with . or Enter, or press ? or * to list all spells.
Aiming: Flame Tongue (safe; 2% risk of failure)
Press: ? - help, Shift-Dir - straight line, f - Soeti's ghost
Aim: Soeti's ghost The flame tongue hits Soeti's ghost.
Soeti's ghost is moderately damaged.
Soeti's ghost hits you.
Casting: Flame Tongue (safe; 2% risk of failure)
Confirm with . or Enter, or press ? or * to list all spells.
Aiming: Flame Tongue (safe; 2% risk of failure)
Press: ? - help, Shift-Dir - straight line, f/p - Soeti's ghost
Aim: Soeti's ghost (moderately damaged)
The flame tongue misses Soeti's ghost.
Soeti's ghost ripples.
Soeti's ghost hits you!
* * * LOW HITPOINT WARNING * * *
Soeti's ghost hits you!
You die...

..........###.#............#
..........# #.#####......###
.....)....# #.###....#####
.......#### #......###
.......#######>.##.#
.......##..........#
...................#
....###+###.....W..# ....#
#.....@..# ....# #.########
....+ ##.# ....# ###.# ....
#.# #.#


You could see Soeti's ghost.

Vanquished Creatures
  3 adders (D:3)
  An ooze (D:3)
  A worm (D:2)
  A dart slug (D:1)
  4 leopard geckos
  2 giant cockroaches
  4 goblins
  6 hobgoblins
  7 jackals (D:1)
  5 bats
  3 frilled lizards
  7 kobolds
  6 rats
50 creatures vanquished.

Notes
Turn   | Place    | Note
-------+----------+-------------------------------------------
     0 | D:1      | pk666 the Deep Elf Fire Elementalist began the quest for the Orb.
     0 | D:1      | Reached XP level 1. HP: 10/10 MP: 6/6
   319 | D:1      | Reached XP level 2. HP: 15/15 MP: 5/8
   750 | D:1      | Found an iron altar of Okawaru.
   964 | D:1      | Reached XP level 3. HP: 19/19 MP: 6/10
  1361 | D:2      | Found a bloodstained altar of Trog.
  1361 | D:2      | Found a deep blue altar of Sif Muna.
  2210 | D:3      | Noticed Soeti's ghost (amateur DsMo)
  2227 | D:3      | Learned a level 3 spell: Conjure Flame
  2504 | D:3      | Found a hide-covered altar of Uskayaw.
  2542 | D:3      | Reached XP level 4. HP: 22/24 MP: 5/11
  2551 | D:3      | Learned a level 4 spell: Sticky Flame
  2760 | D:3      | Found a sparkling altar of Nemelex Xobeh.
  2887 | D:3      | Slain by Soeti's ghost

Vault maps used:
D:1:      onia_arrival_mini_maze, kennysheep_flooded_box,
          minmay_stone_trees_medium, minmay_crystal_water
D:2:      gammafunk_temple_overflow_elements
D:3:      marbit_many_paths, lemuel_doored_altar,
          eat_drink_and_be_merry_uskayaw, lightli_corner_chamber

Skill      XL: |  1  2  3  4 |
---------------+-------------+-----
Conjurations   | 2 3 |  3.3
Fire Magic     | 4 |  4.0
Spellcasting   | 4 |  4.0
Dodging        | |  2.4
Stealth        | |  2.4

Action                   |  1- 3 |  4- 6 || total
-------------------------+-------+-------++-------
 Cast: Flame Tongue      |    77 |    19 ||    96
       Conjure Flame     |     1 |       ||     1
       Sticky Flame      |       |     2 ||     2
  Eat: Chunk             |     5 |     1 ||     6
Armor: Robe              |     4 |     1 ||     5
Dodge: Dodged            |    26 |     3 ||    29

Table legend:
 A = Spawn XP
 B = Non-spawn XP
 C = Spawn XP percentage of total XP
 D = Spawn monster count
 E = Non-spawn monster count
 F = Spawn count percentage of total count
 G = Total turns spent on level
                    A         B        C        D         E        F      G
               +---------+---------+-------+---------+---------+-------+---------
         Total |       0 |     132 |   0.0 |       0 |      50 |   0.0 |  2887
               +---------+---------+-------+---------+---------+-------+---------
           D:1 |       0 |      42 |   0.0 |       0 |      24 |   0.0 |  1040
           D:2 |       0 |      24 |   0.0 |       0 |      11 |   0.0 |  1340
           D:3 |       0 |      66 |   0.0 |       0 |      15 |   0.0 |   507
               +---------+---------+-------+---------+---------+-------+---------
